 Dungeon Crawl Stone Soup version 0.27-a0-824-gca8104f8d5 (webtiles) character file.

Game seed: 17009995927488557208

740 Essalna the Digger (level 7, -2/36 HPs)
             Began as a Gargoyle Earth Elementalist on Mar 30, 2021.
             Slain by an orc warrior
             ... wielding a +0 trident
              (14 damage)
             ... on level 4 of the Dungeon.
             The game lasted 00:09:56 (4482 turns).

Essalna the Digger (Gargoyle Earth Elementalist)    Turns: 4482, Time: 00:09:56

Health: -2/36      AC: 13    Str: 12    XL:     7   Next: 75%
Magic:  11/13      EV: 11    Int: 17    God:
Gold:   117        SH:  0    Dex: 13    Spells: 10/14 levels left

rFire    + . .     SeeInvis .   f - +2 dagger (drain)
rCold    . . .     Faith    .   e - +3 buckler
rNeg     + . .     Spirit   .   j - +2 leather armour {rF+}
rPois    ∞         Reflect  .   (no helmet)
rElec    +         Harm     .   (no cloak)
rCorr    .         Rampage  .   a - +2 pair of gloves {Dex+3}
Will     .....                  (no boots)
Stlth    +.........             (no amulet)
HPRegen  0.12/turn              (no ring)
MPRegen  0.13/turn              (no ring)

@: confused
A: AC +4, negative energy resistance 1, electricity resistance, torment
resistance 1, unbreathing 1, petrification resistance
a: no special abilities


You were on level 4 of the Dungeon.
You visited 1 branch of the dungeon, and saw 4 of its levels.

You collected 117 gold pieces.

Inventory:

Hand Weapons
 d - a +0 short sword
 f - a +2 dagger of draining (weapon)
Missiles
 b - 90 stones
Armour
 a - a +2 pair of gloves of dexterity (worn)
 c - a +0 robe
 e - a +3 buckler (worn)
 j - a +2 leather armour of fire resistance (worn)
Magical Staves
 g - a staff of conjuration
Scrolls
 i - 3 scrolls of teleportation
Potions
 h - a potion of cancellation {unknown}
 k - a potion of attraction {unknown}
 l - a potion of lignification {unknown}
 m - a potion of might {unknown}
 n - a potion of magic {unknown}
 o - a potion of heal wounds {unknown}


   Skills:
 + Level 2.2 Armour
 - Level 1.5 Dodging
 - Level 2.1 Stealth
 - Level 4.0 Shields
 + Level 4.2 Spellcasting
 - Level 3.0 Transmutations
 + Level 6.2 Earth Magic


You had 10 spell levels left.
You knew the following spells:

 Your Spells              Type           Power      Damage    Failure   Level
a - Sandblast             Erth           48%        2d12      1%          1
b - Stone Arrow           Conj/Erth      28%        3d8       16%         3

Your spell library contained the following spells:

 Spells                   Type           Power      Damage    Failure   Level
 Passwall                 Tmut/Erth      15%        N/A       4%          2
 Petrify                  Tmut/Erth      19%        N/A       28%         4
 Lee's Rapid Deconstruct  Erth           12%        3d9*      38%         5


Dungeon Overview and Level Annotations

Branches:
Dungeon (4/15)
 Temple: D:4-7

Altars:
Yredelemnul
The Shining One


Innate Abilities, Weirdness & Mutations

Your stone body is resilient. (AC +4)
You are immune to poison.
You resist negative energy. (rN+)
You are resistant to electric shocks. (rElec)
You are resistant to unholy torment.
You can survive without breathing.
You are immune to petrification.


Message History

Things that are here:
a +0 short sword; a +0 scale mail An orc wizard is nearby!
The orc wizard hits you but does no damage.
You see here a +0 hunting sling.
You hit the orc wizard. You drain the orc wizard.
The orc wizard is heavily wounded.
You block the orc wizard's attack.
You hit the orc wizard but do no damage.
The orc wizard is heavily wounded.
The orc wizard hits you with a +0 dagger.
You hit the orc wizard but do no damage.
You drain the orc wizard.
The orc wizard is heavily wounded.
The orc wizard closely misses you.
You hit the orc wizard but do no damage.
You drain the orc wizard.
The orc wizard is almost dead.
The orc wizard gestures at you while chanting.
You are confused.
You are too confused!
You're too confused to cast spells.
Sorry, you're not good enough to have a special ability.
Unknown command.
You closely miss the orc wizard.
The orc wizard is almost dead.
The orc warrior completely misses you.
The orc wizard hits you but does no damage.
You're too confused to move!
The orc warrior hits you from afar with a +0 trident!
The orc wizard points at you and mumbles some strange words.
The puff of flame hits you. You resist.
You closely miss the orc wizard.
The orc wizard is almost dead.
The orc warrior hits you from afar with a +0 trident.
The orc wizard hits you but does no damage.
You hit the orc wizard.
The orc wizard is almost dead.
The orc warrior hits you from afar with a +0 trident!
You die...

#..######### #..........########
#####
#.####.###........###...######
#.# #...########.......##...#
####.####..<###########....##._.#
..............)............##§[○#
..............)..[...###...##...#
.......o.#.#######o.## #...##○.°#
.......###..###.@o.## #..###...#
.......# ##.##..#### #.#####'##
.......# ##...)## #.###.....
.......###...###########.#.......
.).........................#.....
......##.###..#########....###'##
.##.####.# ##.# #....##...# # #.
. # #.# #######....##§.§# #
#####.###..........##...#


You could see an orc warrior and an orc wizard (drained).

Vanquished Creatures
  Sigmund (D:2)
  A necrophage (D:4)
  Blork the orc (D:4)
  A scorpion (D:4)
  A hound (D:3)
  3 orc priests
  Terence (D:3)
  2 orc wizards
  8 gnolls
  3 adders
  3 worms (D:2)
  6 dart slugs
  8 orcs
  5 ball pythons
  6 endoplasms
  A giant cockroach (D:2)
  8 goblins
  7 hobgoblins
  A quokka (D:4)
  A bat (D:1)
  3 frilled lizards
  3 kobolds
  6 rats
80 creatures vanquished.

Vanquished Creatures (others)
  A worm (D:4)
1 creature vanquished.

Grand Total: 81 creatures vanquished

Notes
Turn   | Place    | Note
-------+----------+-------------------------------------------
     0 | D:1      | Essalna the Gargoyle Earth Elementalist began the quest for
                  | the Orb.
     0 | D:1      | Reached XP level 1. HP: 10/10 MP: 3/3
     6 | D:1      | Noticed a polar bear
     6 | D:1      | Noticed a hog
     6 | D:1      | Noticed a snapping turtle
     7 | D:1      | Noticed a five-headed hydra
     7 | D:1      | Noticed a salamander
    42 | D:1      | Reached skill level 1 in Transmutations
   374 | D:1      | Reached XP level 2. HP: 15/15 MP: 3/5
   745 | D:1      | Reached skill level 4 in Earth Magic
  1094 | D:1      | Reached XP level 3. HP: 14/19 MP: 6/6
  1204 | D:1      | Learned a level 3 spell: Stone Arrow
  1227 | D:2      | Noticed Sigmund
  1235 | D:2      | Killed Sigmund
  1236 | D:2      | Reached XP level 4. HP: 6/24 MP: 0/8
  1236 | D:2      | Reached XP level 5. HP: 7/28 MP: 0/9
  1651 | D:3      | Reached skill level 5 in Earth Magic
  1868 | D:3      | Noticed Terence
  1876 | D:3      | Killed Terence
  1877 | D:3      | Reached XP level 6. HP: 27/32 MP: 1/10
  3245 | D:4      | Noticed an orc warrior
  3255 | D:3      | Identified a scroll of acquirement
  3255 | D:3      | Acquired a +2 pair of gloves of dexterity
  3915 | D:4      | Reached XP level 7. HP: 36/36 MP: 9/12
  4085 | D:4      | Noticed Blork the orc
  4092 | D:4      | Killed Blork the orc
  4093 | D:4      | Reached skill level 1 in Armour
  4371 | D:4      | Reached skill level 6 in Earth Magic
  4436 | D:4      | Found a basalt altar of Yredelemnul.
  4442 | D:4      | Found a glowing golden altar of the Shining One.
  4444 | D:4      | Noticed an angel
  4482 | D:4      | Slain by an orc warrior

Illustrated notes

Levels and vault maps discovered:
D:1:      onia_arrival_zoo_common, layout_basic
D:2:      layout_rooms, hangedman_decor_push, uniq_sigmund
D:3:      layout_basic, uniq_terence
D:4:      layout_rooms, grunt_temple_overflow_holy_war,
          grunt_temple_overflow_opulence, marbit_many_paths, uniq_robin,
          uniq_blork_the_orc, uniq_duvessa

Skill      XL: |  1  2  3  4  5  6  7 |
---------------+----------------------+-----
Transmutations | 1 2 3 |  3.0
Earth Magic    | 4 5 6 |  6.2
Shields        | 2 3 4 |  4.0
Spellcasting   | 3 4 |  4.2
Armour         | 2 |  2.2
Dodging        | |  1.5
Stealth        | |  2.1

Action                   |  1- 3 |  4- 6 |  7- 9 || total
-------------------------+-------+-------+-------++-------
Melee: Unarmed           |     4 |       |       ||     4
       Short sword       |    42 |   116 |       ||   158
       Dagger            |       |       |    44 ||    44
 Cast: Sandblast         |    15 |    49 |    26 ||    90
  Use: Scroll            |       |     3 |       ||     3
       Potion            |       |     1 |       ||     1
 Stab: Sleeping          |       |     3 |       ||     3
Armor: Robe              |     4 |     3 |       ||     7
       Leather armour    |       |    54 |    20 ||    74
Dodge: Dodged            |    27 |    74 |    25 ||   126
Block: Buckler           |     9 |    43 |    25 ||    77

Table legend: (Time is in decaauts)
 A = Elapsed time spent in this place.
 B = Non-inter-level travel time spent in this place.
 C = Inter-level travel time spent in this place.
 D = Time resting spent in this place.
 E = Time spent auto-exploring this place.
 F = Levels seen in this place.
 G = Mean time per level.
                   A        B        C        D        E       F      G
               +--------+--------+--------+--------+--------+-----+--------+
         Total |   4507 |   4394 |    113 |    202 |   3465 |   4 | 1126.8 |
       Dungeon |   4507 |   4394 |    113 |    202 |   3465 |   4 | 1126.8 |
               +--------+--------+--------+--------+--------+-----+--------+

Top non-repeatable levels by time:
     D:3: 1473 daAuts
     D:1: 1219 daAuts
     D:2: 1189 daAuts
     D:4: 624 daAuts
